 Dungeon Crawl Stone Soup version 0.27.0-1-g7a089689b8 (webtiles) character file.

Game seed: 10117924799534272486

14117 EnegeticOcto the Cleaver (level 11, 0/96 (101) HPs)
             Began as a Minotaur Fighter on Aug 5, 2021.
             Was a High Priest of Ru.
             Slain by a death yak simulacrum (17 damage)
             ... on level 12 of the Dungeon.
             The game lasted 00:07:16 (11855 turns).

EnegeticOcto the Cleaver (Minotaur Fighter)        Turns: 11855, Time: 00:07:16

HP:   0/96 (101)    AC: 16    Str: 24    XL:     11   Next: 84%
MP:   10/10         EV:  9    Int:  5    God:    Ru [*****.]
Gold: 773           SH: 12    Dex: 10    Spells: 10/10 levels left

rFire    + . .     SeeInvis .   j - +1 war axe (drain)
rCold    + . .     Faith    .   c - +0 kite shield
rNeg     . . .     Spirit   .   b - +0 scale mail
rPois    .         Reflect  .   h - +2 hat of Roathrefa {rC+}
rElec    .         Harm     .   l - +0 cloak
rCorr    .         Rampage  .   y - +0 pair of gloves
Will     .....                  p - +1 pair of boots
Stlth    ..........             u - amulet of regeneration
HPRegen  1.26/turn              w - ring of protection from fire
MPRegen  0.12/turn              (no ring)

@: exhausted, unable to drink, lightly drained
A: no potions, horns 2, inability to drink while threatened, inability to use
devices, inability to train dodging, retaliatory headbutt
a: Renounce Religion, Draw Out Power, Power Leap, Apocalypse


You were on level 12 of the Dungeon.
You worshipped Ru.
Ru was extremely pleased with you.
You visited 1 branch of the dungeon, and saw 12 of its levels.

You collected 801 gold pieces.
You spent 28 gold pieces at shops.

Inventory:

Hand Weapons
 a - a +1 war axe
 j - a +1 war axe of draining (weapon)
Armour
 b - a +0 scale mail (worn)
 c - a +0 kite shield (worn)
 h - the +2 hat of Roathrefa (worn) {rC+}
   (You acquired it on level 6 of the Dungeon)

   rC:        It protects you from cold.
 l - a +0 cloak (worn)
 p - a +1 pair of boots (worn)
 y - a +0 pair of gloves (worn)
Jewellery
 u - an amulet of regeneration (around neck)
 w - a ring of protection from fire (left hand)
Scrolls
 i - a scroll of blinking {@r4}
 q - a scroll of magic mapping {@r5}
 r - 4 scrolls of immolation
 s - a scroll of teleportation {@r3}
 t - a scroll of vulnerability {unknown}
 v - a scroll of identify {@r1}
Potions
 d - 2 potions of might {@q3}
 e - 6 potions of curing {@q1}
 f - 5 potions of magic
 g - 2 potions of flight
 k - a potion of brilliance
 m - 2 potions of haste {@q4}
 n - a potion of invisibility
 o - a potion of lignification
 x - 2 potions of heal wounds {@q2}


   Skills:
 + Level 10.9 Fighting
 * Level 14.1 Axes
 + Level 10.9 Armour
 + Level 10.9 Shields


You had 10 spell levels left.
You didn't know any spells.
Your spell library was empty.

Dungeon Overview and Level Annotations

Branches:
Dungeon (12/15)            Temple (0/1) D:6            Lair (0/6) D:9
    Orc (0/2) D:9

Altars:
Elyvilon
Hepliaklqana
Okawaru
Ru
Vehumet
Yredelemnul
The Shining One

Shops:
D:1 =   D:5 *   D:7 [=:[*   D:10 ?   D:11 *

Portals:
Ice
Cave: D:12

Annotations:
D:5 2 transporters, RandomHacker's ghost, novice DDTm
D:9 3 runed translucent doors
D:10 3 runed translucent doors, Setanta's ghost, journeyman GnFi


Innate Abilities, Weirdness & Mutations

You cannot drink.
You have a pair of horns on your head.
You sometimes lose the ability to drink potions when taking damage.
You cannot study or use magical devices.
You cannot train Dodging skill.
You reflexively headbutt those who attack you in melee.


Message History

2 simulacra come into view.
A spriggan simulacrum comes into view.
The troll simulacrum bites you but does no damage.
The troll simulacrum barely misses you.
You block the troll simulacrum's attack.
Found a frozen archway.
You barely miss the troll simulacrum. The troll simulacrum bites you!
The troll simulacrum freezes you! You resist.
You focus your inner power and illuminate the troll simulacrum in retribution!
You block the troll simulacrum's attack. x2
A death yak simulacrum comes into view.
You slash the troll simulacrum!
The troll simulacrum is heavily damaged.
You slash the spriggan simulacrum!
You block the troll simulacrum's attack. x3
The spriggan simulacrum hits you but does no damage.
You hit the troll simulacrum.
The troll simulacrum is severely damaged.
You barely miss the spriggan simulacrum.
You hit the death yak simulacrum.
You hear the crackling of a melting archway very nearby.
The death yak simulacrum gores you but does no damage.
You hit the troll simulacrum. You headbutt the troll simulacrum!
The troll simulacrum vaporises!
You slash the death yak simulacrum!
You hit the death yak simulacrum but do no damage.
You closely miss the spriggan simulacrum.
The spriggan simulacrum hits you but does no damage.
You hit the spriggan simulacrum.
The spriggan simulacrum is severely damaged.
You hit the polar bear simulacrum.
You hit the death yak simulacrum but do no damage. x2
You block the death yak simulacrum's attack.
The death yak simulacrum gores you but does no damage.
The spriggan simulacrum is stunned by your conviction and fails to attack.
The polar bear simulacrum barely misses you.
The polar bear simulacrum claws you but does no damage.
The polar bear simulacrum completely misses you.
You barely miss the spriggan simulacrum.
The spriggan simulacrum is severely damaged.
You hit the polar bear simulacrum.
You hit the death yak simulacrum but do no damage. x2
The death yak simulacrum barely misses you.
The death yak simulacrum gores you. The death yak simulacrum freezes you!
You resist.
You block the spriggan simulacrum's attack.
The spriggan simulacrum hits you! The spriggan simulacrum freezes you!
You resist.
You slash the spriggan simulacrum!
The spriggan simulacrum vaporises!
You hit the polar bear simulacrum.
You hit the death yak simulacrum but do no damage.
You hit the spriggan simulacrum but do no damage.
You hit the death yak simulacrum but do no damage.
The polar bear simulacrum closely misses you.
The polar bear simulacrum claws you but does no damage.
The polar bear simulacrum claws you. The polar bear simulacrum freezes you.
You resist.
You hit the polar bear simulacrum but do no damage.
The polar bear simulacrum is severely damaged.
You hit the death yak simulacrum but do no damage.
You hit the spriggan simulacrum but do no damage.
You slash the death yak simulacrum!
You block the death yak simulacrum's attack.
The death yak simulacrum gores you! The death yak simulacrum freezes you!
You resist.
The spriggan simulacrum closely misses you.
You furiously retaliate!
You headbutt the spriggan simulacrum!
You block the polar bear simulacrum's attack.
The polar bear simulacrum claws you but does no damage.
The polar bear simulacrum barely misses you.
You hit the polar bear simulacrum.
The polar bear simulacrum vaporises!
You slash the death yak simulacrum! You slash the spriggan simulacrum!
You hit the death yak simulacrum but do no damage.
The death yak simulacrum barely misses you.
The death yak simulacrum gores you!
You feel threatened and lose the ability to drink potions!
The death yak simulacrum freezes you! You resist.
* * * LOW HITPOINT WARNING * * *
You focus your inner power and blind the death yak simulacrum in retribution!
The spriggan simulacrum hits you but does no damage.
You are too injured to fight recklessly!
You are too injured to fight recklessly!
You are too injured to fight recklessly!
You are too injured to fight recklessly!
You are too injured to fight recklessly!
You are too injured to fight recklessly!
You are too injured to fight recklessly!
You are too injured to fight recklessly!
You are too injured to fight recklessly!
You are too injured to fight recklessly!
You are too injured to fight recklessly!
You are too injured to fight recklessly!
You are restored by drawing out deep reserves of power within.
You feel drained. The death yak simulacrum gores you!
The death yak simulacrum freezes you! You resist.
The death yak simulacrum gores you!
* * * LOW HITPOINT WARNING * * *
The death yak simulacrum freezes you! You resist.
You die...

......(..........).#....
.................<>#
...................#
#.................#
#.................#
#.................#
#......$..........#
#....Z............#
#....Z@............
#....Z○Z...........
...................
..................
.................
................
...............
...∩.........##


You could see 3 death yak simulacra and a spriggan simulacrum.

Vanquished Creatures
  3 two-headed ogres
  A centaur warrior (D:12)
  Pikel (D:5)
  An ugly thing (D:10)
  3 cyclopes
  An unseen horror (D:11)
  A troll (D:9)
  A hornet (D:7)
  A slime creature (D:11)
  Sigmund (D:2)
  4 shadows
  A wraith (D:12)
  A wyvern (D:7)
  A basilisk (D:11)
  A steam dragon (D:6)
  5 yaks
  2 vampire mosquitoes (D:12)
  An acid dragon (D:9)
  3 water moccasins
  2 ice beasts
  A sky beast (D:6)
  2 necrophages
  5 orc warriors
  An ogre (D:7)
  11 centaurs
  A phantom (D:5)
  5 kobold brigands
  2 bullfrogs
  A gnoll sergeant (D:10)
  A wyvern zombie (D:9)
  2 scorpions
  A water moccasin skeleton (D:5)
  3 wyvern skeletons
  A troll zombie (D:9)
  6 killer bees (D:7)
  13 wights
  3 howler monkeys
  4 centaur zombies
  7 hounds
  2 bullfrog skeletons
  2 jellies
  A centaur skeleton (D:6)
  5 orc priests
  A gnoll shaman (D:7)
  Jessica (D:2)
  Natasha (thrice) (D:2)
  4 iguanas
  12 orc wizards
  A troll simulacrum (D:12)
  A spriggan simulacrum (D:12)
  A polar bear simulacrum (D:12)
  A killer bee zombie (D:6)
  5 ogre zombies (D:9)
  2 hound zombies (D:5)
  4 gnolls (D:3)
  A howler monkey skeleton (D:5)
  9 adders
  A white imp (D:7)
  An adder zombie (D:5)
  2 worms
  2 dart slugs
  48 orcs
  10 endoplasms
  7 giant cockroaches
  7 hobgoblins
  5 jackals
  15 kobolds
  7 quokkas
  12 ball pythons
  9 bats
  A frilled lizard (D:1)
  3 goblins
  A goblin zombie (D:9)
  7 hobgoblin zombies (D:9)
  2 orc skeletons (D:9)
  9 orc zombies (D:9)
  8 rats
  A spectral orc (D:5)
319 creatures vanquished.

Vanquished Creatures (others)
  A gargoyle (D:10)
  2 orc wizards
  A kobold (D:7)
  6 plants (D:10)
10 creatures vanquished.

Grand Total: 329 creatures vanquished

Notes
Turn   | Place    | Note
-------+----------+-------------------------------------------
     0 | D:1      | EnegeticOcto the Minotaur Fighter began the quest for the
                  | Orb.
     0 | D:1      | Reached XP level 1. HP: 19/19 MP: 0/0
     0 | D:1      | Noticed a human
     0 | D:1      | Noticed a demonspawn
     1 | D:1      | Noticed a gargoyle
     4 | D:1      | Noticed an elf
     4 | D:1      | Noticed a dwarf
     7 | D:1      | Noticed a human
     8 | D:1      | Noticed an ogre
    12 | D:1      | Noticed a merfolk
    12 | D:1      | Noticed a merfolk
    14 | D:1      | Noticed a demonspawn
    16 | D:1      | Noticed a ghoul
    16 | D:1      | Noticed a palentonga
    18 | D:1      | Noticed a vampire
    18 | D:1      | Noticed an octopode
    20 | D:1      | Noticed a merfolk
    20 | D:1      | Noticed a demigod
   189 | D:1      | Reached XP level 2. HP: 26/27 MP: 1/1
   375 | D:1      | Reached skill level 3 in Axes
   764 | D:1      | Found Voagh's Jewellery Shop.
   770 | D:1      | Reached XP level 3. HP: 33/33 MP: 2/2
   926 | D:2      | Found a faded altar of an unknown god.
  1032 | D:2      | Noticed Natasha
  1039 | D:2      | Killed Natasha
  1040 | D:2      | Reached XP level 4. HP: 23/40 MP: 3/3
  1118 | D:2      | Noticed Natasha
  1128 | D:2      | Killed Natasha
  1129 | D:2      | Reached skill level 4 in Axes
  1289 | D:2      | You fall into a shaft and drop 2 floors!
  1330 | D:4      | Noticed a scorpion
  1355 | D:4      | Killed a scorpion
  1356 | D:4      | Reached XP level 5. HP: 16/47 MP: 4/4
  1563 | D:4      | Found a sacrificial altar of Ru.
  1632 | D:4      | Became a worshipper of Ru the Awakened
  1851 | D:3      | Reached skill level 5 in Axes
  1866 | D:3      | Reached XP level 6. HP: 10/55 MP: 5/5
  2249 | D:3      | Reached skill level 5 in Armour
  2445 | D:2      | Gained mutation: You cannot study or use magical devices.
                  | [Ru sacrifice]
  2445 | D:2      | Reached * piety under Ru
  2445 | D:2      | Reached ** piety under Ru
  2470 | D:2      | Noticed Sigmund
  2474 | D:2      | Noticed Natasha
  2481 | D:2      | Killed Natasha
  2482 | D:2      | Reached skill level 5 in Fighting
  2485 | D:2      | Killed Sigmund
  2486 | D:2      | Reached skill level 5 in Shields
  2739 | D:2      | Reached skill level 6 in Axes
  2752 | D:2      | Noticed Jessica
  2756 | D:2      | Killed Jessica
  2757 | D:2      | Reached XP level 7. HP: 61/61 MP: 6/6
  3337 | D:3      | Found a glowing golden altar of the Shining One.
  3337 | D:3      | Found an iron altar of Okawaru.
  4228 | D:5      | Entered Level 5 of the Dungeon
  4237 | D:5      | Found Wufown's General Store.
  4332 | D:5      | Noticed a hornet
  4343 | D:5      | Found a transporter.
  4344 | D:5      | Found a transporter.
  4405 | D:5      | Reached skill level 7 in Axes
  4650 | D:5      | Reached XP level 8. HP: 44/70 MP: 7/7
  4651 | D:5      | Gained mutation: You cannot train Dodging skill. [Ru
                  | sacrifice]
  4651 | D:5      | Reached *** piety under Ru
  5005 | D:5      | Noticed RandomHacker's ghost (novice DDTm)
  5114 | D:5      | Reached skill level 8 in Axes
  5285 | D:5      | Noticed Pikel
  5293 | D:5      | Killed Pikel
  5294 | D:5      | Reached skill level 9 in Axes
  5417 | D:5      | Found a basalt altar of Yredelemnul.
  5628 | D:6      | Identified a scroll of acquirement
  5628 | D:6      | Acquired the +2 hat of Roathrefa {rC+}
  5744 | D:6      | Reached XP level 9. HP: 45/79 MP: 8/8
  6231 | D:6      | Found a staircase to the Ecumenical Temple.
  6309 | D:6      | Gained mutation: You sometimes lose the ability to drink
                  | potions when taking damage. [Ru sacrifice]
  6309 | D:6      | Reached **** piety under Ru
  6309 | D:6      | Reached ***** piety under Ru
  6601 | D:6      | Reached skill level 10 in Axes
  6794 | D:6      | Noticed a two-headed ogre
  6805 | D:6      | Killed a two-headed ogre
  7245 | D:7      | Found a white marble altar of Elyvilon.
  7267 | D:7      | Reached skill level 11 in Axes
  7334 | D:7      | Reached XP level 10. HP: 90/90 MP: 9/9
  7334 | D:7      | Found Dovvoagh's Armour Emporium.
  7359 | D:7      | Found Elehexkyfo's General Store.
  7433 | D:7      | Found Icariarr's Book Boutique.
  7691 | D:7      | Paralysed by a hornet for 2 turns
  7695 | D:7      | Paralysed by a hornet for 1 turns
  7746 | D:7      | Found Viva's Jewellery Emporium.
  7750 | D:7      | Found Nolaat's Armour Shoppe.
  8003 | D:8      | Reached skill level 12 in Axes
  8506 | D:9      | Found a staircase to the Lair.
  8564 | D:9      | Found a staircase to the Orcish Mines.
  8697 | D:9      | Found a hazy altar of Hepliaklqana.
  8723 | D:9      | Found a radiant altar of Vehumet.
  9059 | D:9      | Found a runed translucent gate.
  9059 | D:9      | Found a runed translucent gate.
  9059 | D:9      | Found a runed translucent gate.
  9060 | D:9      | Noticed a white ugly thing
  9060 | D:9      | Noticed a glowing orange brain
  9061 | D:9      | Noticed a brown ugly thing
  9061 | D:9      | Noticed a red ugly thing
  9063 | D:9      | Noticed a brown ugly thing
  9588 | D:10     | Entered Level 10 of the Dungeon
  9611 | D:10     | Reached XP level 11. HP: 97/99 MP: 10/10
  9769 | D:10     | Reached skill level 10 in Armour
  9769 | D:10     | Reached skill level 10 in Shields
  9824 | D:10     | Reached skill level 10 in Fighting
  9871 | D:10     | Reached skill level 13 in Axes
  9948 | D:10     | Noticed a purple ugly thing
  9959 | D:10     | Killed a purple ugly thing
 10086 | D:10     | Noticed a 12-headed hydra
 10087 | D:10     | Found a runed translucent gate.
 10087 | D:10     | Noticed Setanta's ghost (journeyman GnFi)
 10088 | D:10     | Found a runed translucent gate.
 10089 | D:10     | Found a runed translucent gate.
 10290 | D:10     | Found Goyrest's Magic Scroll Boutique.
 11033 | D:11     | Noticed a two-headed ogre
 11039 | D:11     | Killed a two-headed ogre
 11144 | D:11     | Noticed a two-headed ogre
 11154 | D:11     | Killed a two-headed ogre
 11334 | D:11     | Found Ysoiv's Assorted Antiques.
 11345 | D:11     | Bought a scroll labelled VIOH HIPAMATHRO for 28 gold pieces
 11789 | D:12     | Noticed a centaur warrior
 11792 | D:12     | Reached skill level 14 in Axes
 11805 | D:12     | Killed a centaur warrior
 11845 | D:12     | Found a frozen archway.
 11855 | D:12     | Slain by a death yak simulacrum

Illustrated notes

Levels and vault maps discovered:
D:1:      shiori_arrival_whats_in_store_for_you, layout_basic, serial_shops,
          shop
D:2:      layout_rooms, shapermc_ecumenical_altar_mp_highgroup, dk_vineyard_1,
          minivault_24, uniq_jessica, uniq_sigmund, uniq_natasha
D:3:      layout_basic, gammafunk_temple_overflow_wave
D:4:      layout_loops_ring, old_standard_altar
D:5:      minmay_chambers_of_threes, layout_cave_pools,
          yredelemnul_forgotten_temple_becter, gup_sewer_entry_bubbles,
          serial_shops, nicolae_stop_n_shop_2, gammafunk_ghost_hive,
          dk_noncrumbling_2, hangedman_decor_growths,
          minmay_fractal_squares_diagonal_5, uniq_pikel
D:6:      layout_basic, minmay_temple_entry_glassed_door
D:7:      layout_basic, mainiacjoe_overflow_catwalk, serial_shops, shop, shop,
          kennysheep_little_box, nicolae_shop_temple_entry_statues_fountains,
          shop, minmay_increasing_density
D:8:      layout_cave_pools
D:9:      layout_stronghold, amcnicky_altar_gilded, mainiacjoe_overflow_paths,
          lair_entry_dummy, zombieorc1_lemuel,
          ploomutoo_gammafunk_ghost_potion_laboratory
D:10:     layout_stronghold, gammafunk_ghost_hydra_chop, serial_shops,
          kennysheep_mini, wad_rectangle_vault
D:11:     layout_loops_corners, serial_shops, nicolae_shop_statue_plus,
          minmay_checkerbox
D:12:     layout_grid_maze, portal_ice_cave_entry_ice_simulacra, serial_shops,
          shop

Skill      XL: |  1  2  3  4  5  6  7  8  9 10 11 |
---------------+----------------------------------+-----
Axes           | 3 4 5 6 7 9 11 12 14 | 14.1
Armour         | 4 5 6 7 8 9 10 | 10.9
Shields        | 4 5 6 7 8 9 10 | 10.9
Fighting       | 4 5 6 7 8 9 10 | 10.9

Action                   |  1- 3 |  4- 6 |  7- 9 | 10-12 || total
-------------------------+-------+-------+-------+-------++-------
Melee: War axe           |    78 |   125 |   308 |   440 ||   951
       Headbutt          |     6 |    17 |    59 |    92 ||   174
Invok: Sacrifice Artific |       |     1 |       |       ||     1
       Sacrifice Nimblen |       |       |     1 |       ||     1
       Draw Out Power    |       |       |     1 |     4 ||     5
       Sacrifice Drink   |       |       |     1 |       ||     1
       Reject Sacrifices |       |       |       |     1 ||     1
  Use: Potion            |       |     2 |       |       ||     2
       Scroll            |       |       |    12 |     6 ||    18
 Stab: Invisible         |       |       |     2 |    10 ||    12
       Distracted        |       |       |     1 |     2 ||     3
Armor: Scale mail        |    41 |    69 |   130 |   166 ||   406
Dodge: Dodged            |    33 |    33 |   120 |   127 ||   313
Block: Kite shield       |    53 |    80 |   207 |   241 ||   581
